 Dungeon Crawl Stone Soup version 0.30.0-19-g36f170ea60 (webtiles) character file.

Game seed: 1028782278686483079

912 cheesebisquit the Skirmisher (level 8, -1/44 HPs)
             Began as a Gargoyle Hunter on June 1, 2023.
             Killed from afar by a steam dragon (12 damage)
             ... with a ball of steam
             ... on level 6 of the Dungeon.
             The game lasted 00:13:08 (5272 turns).

cheesebisquit the Skirmisher (Gargoyle Hunter)      Turns: 5272, Time: 00:13:08

Health: -1/44      AC: 13    Str: 16    XL:     8   Next: 9%
Magic:  8/8        EV: 11    Int:  9    God:
Gold:   251        SH:  0    Dex: 15    Spells: 7/7 levels left

rFire   . . .        A - +0 longbow
rCold   . . .        (shield currently unavailable)
rNeg    + . .        c - +0 leather armour
rPois   ∞            (no helmet)
rElec   +            m - +0 cloak
rCorr   .            (no gloves)
SInv    .            (no boots)
Will    .....        (no amulet)
Stlth   ++           u - +4 ring of protection
HPRegen 0.27/turn    (no ring)
MPRegen 0.11/turn

%: no passive effects
@: hasted, very quick
A: sickness immunity, AC +5, negative energy resistance 1, electricity
resistance, torment resistance 1, petrification resistance
a: no special abilities


You were on level 6 of the Dungeon.
You visited 2 branches of the dungeon, and saw 8 of its levels.

You collected 251 gold pieces.

Inventory:

Hand Weapons
 a - a +0 shortbow
 r - the +6 whip "Niod" {venom, Int+4}
   (You found it on level 3 of the Dungeon)

   Int:       It affects your intelligence (+4).
 A - a +0 longbow (weapon)
 B - the +10 falchion "Ycuiham" {freeze, rC++ Stlth+}
   (You found it on level 6 of the Dungeon)

   rC:        It greatly protects you from cold.
   Stlth:     It makes you more stealthy.
Missiles
 k - 3 curare-tipped darts
 y - 6 boomerangs
Armour
 c - a +0 leather armour (worn)
 m - a +0 cloak (worn)
 F - a +0 buckler
Jewellery
 u - a +4 ring of protection (left hand)
 w - an amulet of faith
Wands
 s - a wand of polymorph (19)
 E - a wand of flame (8)
 G - a wand of acid (5)
Scrolls
 b - a scroll of immolation
 d - 9 scrolls of teleportation
 e - a scroll of fear {unknown}
 f - a scroll of amnesia {unknown}
 j - 3 scrolls of butterflies
 l - a scroll of magic mapping
 n - a scroll of torment {unknown}
 o - a scroll of vulnerability
 v - a scroll of noise {unknown}
 C - a scroll of enchant armour {unknown}
 D - a scroll of poison {unknown}
 H - a scroll of fog {unknown}
Potions
 h - 5 potions of brilliance
 i - a potion of invisibility {unknown}
 p - a potion of curing {unknown}
 q - a potion of flight {unknown}
 t - 3 potions of might
 x - a potion of heal wounds {unknown}
 z - 3 potions of cancellation


   Skills:
 - Level 2.1 Fighting
 + Level 9.9 Ranged Weapons
 - Level 1.5 Dodging
 - Level 1.1 Stealth


You had 7 spell levels left.
You didn't know any spells.
Your spell library contained the following spells:

 Spells                   Type           Power      Damage    Failure   Level
 Magic Dart               Conj           0%         1d3       45%         1
 Sandblast                Erth           0%         2d4       45%         1
 Passwall                 Tmut/Erth      0%         N/A       58%         2
 Searing Ray              Conj           0%         2d4       58%         2
 Stone Arrow              Conj/Erth      0%         3d7       83%         3
 Fulminant Prism          Conj/Hex       0%         3d5       99%         4


Dungeon Overview and Level Annotations

Branches:
Dungeon (7/15)             Temple (1/1) D:6

Altars:
Ashenzari
Cheibriados
Dithmenos
Fedhas
Gozag
Hepliaklqana
Kikubaaqudgha
Makhleb
Nemelex Xobeh
Okawaru
Qazlal
Ru
Sif Muna
Trog
Uskayaw
Wu Jian
Xom
Yredelemnul
Zin
The Shining One

Shops:
D:5 :   D:7 :

Annotations:
D:6 exclusion: 2 steam dragons


Innate Abilities, Weirdness & Mutations

You are immune to sickness and miasma.
Your stone body is resilient. (AC +5)
You are immune to poison.
You resist negative energy. (rN+)
You are resistant to electric shocks. (rElec)
You are resistant to unholy torment.
You are immune to petrification.


Message History

There is a stone staircase leading down here.
Found an escape hatch in the floor.
H - a scroll labelled LYISKI VOKLAM
Found a stone staircase leading down.
Found an escape hatch in the ceiling.
Found 6 stones.
Found 2 stones.
There is an escape hatch in the ceiling here.
A mysterious force pulls you upwards. The hatch slams shut behind you.
Level annotation: exclusion: 2 steam dragons The steam dragon hisses angrily.
Partly explored, can't reach some items and places.
A steam dragon is nearby!
You shoot an arrow.
The arrow barely misses the steam dragon.
You shoot an arrow.
The arrow barely misses the steam dragon.
You shoot an arrow. The arrow hits the steam dragon.
The steam dragon is lightly wounded.
You shoot an arrow. The arrow hits the steam dragon.
The steam dragon is moderately wounded.
The steam dragon barely misses you. The steam dragon claws you.
The steam dragon bites you! The steam dragon misses you.
You shoot an arrow.
The arrow barely misses the steam dragon.
The steam dragon breathes steam at you. The ball of steam hits you!!
You are engulfed in a cloud of scalding steam.
* * * LOW HITPOINT WARNING * * *
You shoot an arrow. The arrow hits the steam dragon.
The steam dragon is heavily wounded.
The steam dragon barely misses you. x2
You feel yourself speed up.
The steam dragon bites you but does no damage.
The steam dragon claws you but does no damage.
You shoot an arrow. The arrow hits the steam dragon!
The steam dragon is almost dead.
The steam dragon breathes steam at you. The ball of steam hits you!
You die...

#.#.#####.##.####.##.## #.##
#.#.#####.##.# #.##.#####.## #
#.#.....#.##.# #.^.........###
#.#..##.#.##.## #.#####.###..#.
#.#..##.#.#...###.# #.# #.#.#
#.#..#..<..#.#.##.#####.###.#.#
#.#.........§........##.#.....#
#.##.#.....#.#.##.........###.#
#............D@......##.#.# #..
####.####.##.#####...##.#.###..
#.# #.##§#***##...#.#...... #.#
#.#..#*,~~##.#..######. #.#
#.#..#,,,~~#.##.# #. #.#
#.#.....8.≈###..# #. #.#
#>##.#.!D.≈##.#.# #. #.#
#.#####....≈###.# #. ## #.# #.#
*###.≈* #.# ###.


You could see a steam dragon (catching breath).

Vanquished Creatures
  Grinder (D:3)
  A black bear (D:5)
  An ogre (D:5)
  A centaur (D:7)
  2 bullfrogs (D:6)
  A jelly (D:5)
  A hound (D:6)
  Jessica (D:2)
  Natasha (twice) (D:3)
  2 iguanas (D:4)
  4 adders
  A shadow imp (D:6)
  3 worms
  4 dart slugs
  8 orcs
  8 ball pythons
  3 bats (D:1)
  5 endoplasms
  2 giant cockroaches
  7 goblins
  9 hobgoblins
  12 jackals
  5 quokkas
  4 frilled lizards
  7 kobolds
  4 rats
99 creatures vanquished.

Notes
Turn   | Place    | Note
-------+----------+-------------------------------------------
     0 | D:1      | cheesebisquit the Gargoyle Hunter began the quest for the
                  | Orb.
     0 | D:1      | Reached XP level 1. HP: 12/12 MP: 1/1
    60 | D:1      | Reached XP level 2. HP: 17/17 MP: 2/2
   251 | D:1      | Reached XP level 3. HP: 21/21 MP: 3/3
   304 | D:1      | Reached skill level 5 in Ranged Weapons
   673 | D:2      | Noticed Jessica
   678 | D:2      | Killed Jessica
   679 | D:2      | Reached XP level 4. HP: 22/26 MP: 4/4
  1014 | D:2      | You fall into a shaft and drop 1 floor!
  1054 | D:3      | Noticed Grinder
  1075 | D:3      | Killed Grinder
  1076 | D:3      | Reached skill level 7 in Ranged Weapons
  1076 | D:3      | Reached XP level 5. HP: 20/30 MP: 5/5
  1076 | D:3      | Reached XP level 6. HP: 23/35 MP: 6/6
  1266 | D:3      | Noticed Natasha
  1274 | D:3      | Killed Natasha
  1434 | D:3      | Noticed Natasha
  1451 | D:3      | Killed Natasha
  1530 | D:3      | Identified the +6 whip "Niod" {venom, Int+4}
  2738 | D:4      | Reached skill level 8 in Ranged Weapons
  2742 | D:4      | Reached XP level 7. HP: 11/40 MP: 7/7
  3018 | D:5      | Entered Level 5 of the Dungeon
  3120 | D:5      | Found Dazual's Vocational Training.
  3131 | D:5      | Reached skill level 9 in Ranged Weapons
  3886 | D:6      | Identified the +10 falchion "Ycuiham" {freeze, rC++ Stlth+}
  4033 | D:6      | Noticed a steam dragon
  4479 | D:6      | Noticed a steam dragon
  4539 | D:6      | Found a staircase to the Ecumenical Temple.
  4548 | Temple   | Entered the Ecumenical Temple
  4981 | D:7      | Found Mozuej's Tremendous Tomes.
  5003 | D:7      | Reached XP level 8. HP: 27/44 MP: 8/8
  5272 | D:6      | Killed from afar by a steam dragon

Illustrated notes

Levels and vault maps discovered:
D:1:      dpeg_arrival_stonehenge_8_columns, layout_loops_ring,
          hangedman_decor_clover_reticule, hex_medium, minmay_cupped
D:2:      layout_basic, uniq_jessica
D:3:      layout_basic, uniq_grinder, uniq_natasha
D:4:      layout_loops_ring
D:5:      layout_basic, roderic_roman_lattice, serial_bayou_ford_a,
          nicolae_shop_vocational
D:6:      cheibrodos_steamvent, layout_loops_ring,
          minmay_temple_entry_antechambers
D:7:      layout_basic, serial_shops, nicolae_shop_crystal,
          nicolae_shop_i_like_big_books, nicolae_benzene_ring,
          minmay_misc_feat_pillars
Temple:   nicolae_temple_slightly_damp_pantheon

Skill      XL: |  1  2  3  4  5  6  7 |
---------------+----------------------+-----
Ranged Weapons | 5 7 8 9 |  9.9
Fighting       | |  2.1
Dodging        | |  1.5
Stealth        | |  1.1

Action                     |  1- 3 |  4- 6 |  7- 9 || total
---------------------------+-------+-------+-------++-------
   Fire: Shortbow          |    95 |   170 |    46 ||   311
         Longbow           |       |       |    32 ||    32
    Use: Scroll            |       |       |     8 ||     8
         Potion            |       |       |     1 ||     1
 Armour: Leather armour    |    13 |    24 |    26 ||    63
  Dodge: Dodged            |    43 |    43 |    21 ||   107
